 Dungeon Crawl Stone Soup version 0.23.2 (webtiles) character file.

Game seed: 3799722164372416629

186 Borgoz the Ruffian (level 5, 0/44 (45) HPs)
             Began as a Ghoul Gladiator on Apr 3, 2019.
             Slain by Grinder (6 damage)
             ... on level 3 of the Dungeon.
             The game lasted 00:04:07 (2602 turns).

Borgoz the Ruffian (Ghoul Gladiator)                Turns: 2602, Time: 00:04:08

HP:   0/44 (45)     AC:  4    Str: 17 (18) XL:     5   Next: 66%
MP:   4/4           EV: 12    Int:  1 (3)  God:
Gold: 124           SH:  0    Dex:  8 (11) Spells: 4/4 levels left

rFire    . . .     SeeInvis .   j - +0 dagger (elec)
rCold    + . .     Gourm    .   (no shield)
rNeg     + + +     Faith    .   a - +0 leather armour
rPois    ∞         Spirit   .   b - +0 helmet
rElec    .         Reflect  .   (no cloak)
rCorr    .         Harm     .   (no gloves)
MR       .....                  (no boots)
Stlth    +.........             (no amulet)
HPRegen  0.00/turn              (no ring)
MPRegen  0.09/turn              (no ring)

@: confused, rotting
A: rotting body, claws 1, carnivore, cold resistance 1, negative energy
resistance 3, inhibited regeneration, torment resistance, unbreathing
a: no special abilities


You were on level 3 of the Dungeon.
You were not hungry.

You visited 1 branch of the dungeon, and saw 3 of its levels.

You collected 124 gold pieces.

Inventory:

Hand Weapons
 j - a +0 dagger of electrocution (weapon)
Missiles
 c - 5 throwing nets (quivered)
Armour
 a - a +0 leather armour (worn)
 b - a +0 helmet (worn)
Wands
 l - a wand of digging (1)
 t - a wand of flame (13)
Scrolls
 g - a scroll of identify {unknown}
 i - 2 scrolls of immolation {unknown}
 k - a scroll of teleportation {unknown}
 m - a scroll of blinking {unknown}
 n - 3 scrolls of remove curse {unknown}
 r - a scroll of enchant armour {unknown}
Potions
 e - a potion of degeneration
 f - 2 potions of brilliance {unknown}
 h - 2 potions of curing {unknown}
 o - a potion of ambrosia
 p - a potion of cancellation {unknown}
 q - a potion of invisibility {unknown}
 s - a potion of might {unknown}
 u - a potion of agility {unknown}
 v - 2 potions of magic {unknown}
Comestibles
 d - 4 rations


   Skills:
 + Level 3.2 Fighting
 * Level 1.4 Short Blades
 - Level 1.7 Throwing
 * Level 2.0 Armour
 * Level 3.4 Dodging
 + Level 2.3 Stealth
 - Level 3.6 Unarmed Combat


You had 4 spell levels left.
You didn't know any spells.
Your spell library was empty.

Dungeon Overview and Level Annotations

Branches:
Dungeon (3/15)

Altars:

Annotations:
D:3 Grinder


Innate Abilities, Weirdness & Mutations

Your body is rotting away.
You thrive on raw meat.
You are immune to poison.
You have sharp fingernails.
You are carnivorous and can eat meat at any time.
Your flesh is cold resistant. (rC+)
You are immune to negative energy. (rN+++)
You do not regenerate when monsters are visible.
You are immune to unholy pain and torment.
You can survive without breathing.


Message History

Grinder says, "Just stop there for a second..."
Grinder gestures at you.
You suddenly lose the ability to move!
Grinder gestures at you.
You shrug off the repeated paralysis!
Grinder hits you. Grinder hits you!
* * * LOW HITPOINT WARNING * * *
You can move again.
Okay, then.
It was a potion of degeneration.
There was something very wrong with that liquid.
You feel weakened.
You feel dopey.
You feel clumsy. Grinder hits you.
* * * LOW HITPOINT WARNING * * *
Unknown command.
It was a potion of ambrosia.
You are confused.
You feel invigorated. Grinder hits you.
You die...

#.# ##.#### #.# ...#..
#.####..#.# .....#..#.#
#### ........#.####### ...
..##.##.#.......####.#####
#..........####.##.......#.
.....#####.####.##†........
.#...# #.##...@5g......#
....)# #.##.#.##g.)....#
#....# #.##.#.##(........
.....# #... ..##.#####.##
##...########.####.. #
.###....#####. .g#
.<.##(..##.<# ?...
....#...#...# ....
##..#...#..## .....


You could see Grinder and 2 hobgoblins.

Vanquished Creatures
  Terence (D:3)
  Jessica (D:2)
  5 adders
  An ooze (D:1)
  3 worms
  A dart slug (D:1)
  3 leopard geckos
  3 orcs (D:3)
  A giant cockroach (D:2)
  6 goblins
  8 hobgoblins
  6 jackals
  2 quokkas (D:2)
  A ball python (D:2)
  9 bats
  4 frilled lizards
  8 kobolds
  6 rats
69 creatures vanquished.

Notes
Turn   | Place    | Note
-------+----------+-------------------------------------------
     0 | D:1      | Borgoz the Ghoul Gladiator began the quest for the Orb.
     0 | D:1      | Reached XP level 1. HP: 17/17 MP: 0/0
   216 | D:1      | Reached XP level 2. HP: 22/25 MP: 1/1
   325 | D:1      | Reached skill level 1 in Stealth
   437 | D:1      | Reached XP level 3. HP: 16/30 MP: 2/2
   740 | D:2      | Reached skill level 1 in Armour
  1103 | D:2      | Reached XP level 4. HP: 32/37 MP: 3/3
  1276 | D:2      | Noticed Jessica
  1310 | D:2      | Killed Jessica
  1517 | D:3      | Reached skill level 1 in Short Blades
  1773 | D:3      | Reached XP level 5. HP: 45/45 MP: 4/4
  2025 | D:3      | Noticed Terence
  2076 | D:3      | Killed Terence
  2584 | D:3      | Noticed Grinder
  2597 | D:3      | Paralysed by Grinder for 3 turns
  2602 | D:3      | Slain by Grinder

Skill      XL: |  1  2  3  4  5 |
---------------+----------------+-----
Stealth        | 1 2 |  2.3
Armour         | 1 2 |  2.0
Dodging        | 3 |  3.4
Fighting       | 3 |  3.2
Short Blades   | 1 |  1.4
Throwing       | |  1.7
Unarmed Combat | |  3.6

Action                   |  1- 3 |  4- 6 || total
-------------------------+-------+-------++-------
Melee: Unarmed           |   109 |   135 ||   244
       Punch             |     4 |     1 ||     5
       Dagger            |       |    14 ||    14
Throw: Throwing net      |     1 |       ||     1
  Use: Potion            |       |     2 ||     2
 Stab: Held in net/web   |     1 |       ||     1
       Sleeping          |       |     3 ||     3
  Eat: Chunk             |     4 |    10 ||    14
Armor: Leather armour    |    38 |    48 ||    86
Dodge: Dodged            |    86 |    89 ||   175
